 Dungeon Crawl Stone Soup version 0.28-a0-533-g9f97627e2a (webtiles) character file.

Game seed: 4133986449240747585

27998 demibob the Black Belt (level 13, -2/90 HPs)
             Began as a Demonspawn Monk on Sept 25, 2021.
             Was a High Priest of Yredelemnul.
             Slain by a death yak (14 damage)
             ... on level 6 of the Lair of Beasts.
             The game lasted 00:46:15 (19059 turns).

demibob the Black Belt (Demonspawn Monk)           Turns: 19059, Time: 00:46:16

Health: -2/90      AC: 13    Str: 10    XL:     13   Next: 7%
Magic:  2/22       EV: 15    Int: 13    God:    Yredelemnul [*****.]
Gold:   856        SH:  0    Dex: 18    Spells: 19/24 levels left

rFire   . . .      SeeInvis .     - Unarmed
rCold   + . .      Faith    .   (no shield)
rNeg    . . .      Spirit   .   z - +0 acid dragon scales
rPois   .          Reflect  .   u - +0 helmet
rElec   .          Harm     .   J - +2 cloak
rCorr   +          Rampage  .   (no gloves)
Will    +....                   (boots unavailable)
Stlth   +++.......              (no amulet)
HPRegen 0.25/turn               W - ring of willpower
MPRegen 0.18/turn               h - ring "Cabor" {Wiz rC+ Str-3 Stlth+}

@: no status effects
A: hooves 3, molten scales 1, powered by death 1, demonic magic 2
a: Renounce Religion, Recall Undead Slaves, Injury Mirror, Animate Dead, Drain
Life, Enslave Soul


You were on level 6 of the Lair of Beasts.
You worshipped Yredelemnul.
Yredelemnul was extremely pleased with you.
You visited 2 branches of the dungeon, and saw 16 of its levels.
You also visited: Bailey.

You collected 1653 gold pieces.
You spent 797 gold pieces at shops.


Innate Abilities, Weirdness & Mutations

You have hooves in place of feet.
You are partially covered in molten scales. (AC +2)
You regenerate a little health from kills.
Spells you cast may paralyse nearby enemies.


   Skills:
 + Level 4.5 Fighting
 - Level 4.0 Armour
 + Level 8.2 Dodging
 - Level 1.7 Stealth
 + Level 15.3 Unarmed Combat
 - Level 6.4 Spellcasting
 - Level 5.0 Hexes
 - Level 3.7 Necromancy
 - Level 9.5 Invocations


You had 19 spell levels left.
You knew the following spells:

 Your Spells              Type           Power      Damage    Failure   Level
c - Confusing Touch       Hex            17%        N/A       4%          3
r - Corpse Rot            Necr/Air       N/A        N/A       8%          2

Your spell library contained the following spells:

 Spells                   Type           Power      Damage    Failure   Level
 Slow                     Hex            17%        N/A       1%          2
 Vampiric Draining        Necr           6%         2d6       7%          3
 Magic Dart               Conj           16%        1d3       11%         1
 Summon Small Mammal      Summ           16%        N/A       11%         1
 Summon Guardian Golem    Hex/Summ       10%        N/A       11%         3
 Call Imp                 Summ           4%         N/A       16%         2
 Searing Ray              Conj           8%         2d4       16%         2
 Static Discharge         Conj/Air       4%         N/A       16%         2
 Dispel Undead            Necr           13%        3d9       22%         4
 Call Canine Familiar     Summ           4%         N/A       28%         3
 Conjure Flame            Conj/Fire      4%         6-21      28%         3
 Ignite Poison            Fire/Tmut/Pois 4%         N/A       28%         3
 Mephitic Cloud           Conj/Pois/Air  4%         N/A       28%         3
 Stone Arrow              Conj/Erth      8%         3d7       28%         3
 Fulminant Prism          Conj/Hex       5%         3d7       32%         4
 Animate Armour           Summ/Erth      8%         N/A       65%         4
 Sticky Flame             Conj/Fire      4%         2d3       65%         4
 Summon Mana Viper        Hex/Summ       10%        N/A       65%         5
 Lightning Bolt           Conj/Air       2%         1d13      93%         5
 Summon Forest            Summ/Tloc      2%         N/A       93%         5
 Death Channel            Necr           6%         N/A       96%         6
 Summon Cactus Giant      Summ           2%         N/A       100%        6
 Lehudib's Crystal Spear  Conj/Erth      2%         10d2      100%        8
 Maxwell's Capacitive Co  Air            2%         ∞         100%        8

Inventory:

Missiles
 v - a throwing net (quivered) {=f}
 H - 4 curare-tipped darts {=f}
Armour
 u - a +0 helmet (worn)
 z - +0 acid dragon scales (worn)
 J - a +2 cloak (worn)
Jewellery
 h - the ring "Cabor" (right hand) {Wiz rC+ Str-3 Stlth+}
   (You acquired it on level 7 of the Dungeon)

   [ring of wizardry]

   It improves your spell success rate.
   Str:       It affects your strength (-3).
   rC:        It protects you from cold.
   Stlth:     It makes you more stealthy.
 F - a ring of fire
 N - a ring of positive energy
 W - a ring of willpower (left hand)
Wands
 a - a wand of polymorph (8)
 w - a wand of digging (6)
 A - a wand of flame (19)
 D - a wand of acid (8)
Scrolls
 b - 6 scrolls of fog
 d - 8 scrolls of teleportation {@r2}
 l - 2 scrolls of vulnerability
 o - 2 scrolls of magic mapping
 p - 2 scrolls of fear
 q - 2 scrolls of enchant armour
 r - 2 scrolls of enchant weapon
 y - 6 scrolls of blinking
Potions
 c - 2 potions of ambrosia
 e - 4 potions of mutation
 f - 2 potions of curing {@q1}
 g - 5 potions of brilliance
 i - 3 potions of haste {@q3}
 j - a potion of flight
 k - 3 potions of magic
 m - a potion of attraction {unknown}
 n - 6 potions of lignification
 s - 2 potions of berserk rage {!q}
 x - a potion of invisibility
 B - 3 potions of resistance
 C - a potion of cancellation {unknown}
 E - 2 potions of might {unknown}
Miscellaneous
 I - a condenser vane (inert)

Dungeon Overview and Level Annotations

Branches:
Dungeon (10/15)            Temple (0/1) D:4            Lair (6/6) D:10
  Swamp (0/4) Lair:3        Slime (0/5) Lair:5          Orc (0/2) D:10
 Bailey (visited)
  Snake: Lair:2-4    Spider: Lair:2-4

Altars:
Cheibriados
Dithmenos
Elyvilon
Hepliaklqana
Kikubaaqudgha
Makhleb
Nemelex Xobeh
Qazlal
Ru
Trog
Wu Jian
Xom
Yredelemnul
Zin
The Shining One

Shops:
D:1 !   D:5 ?(

Annotations:
D:3 1 runed translucent door
D:8 3 runed translucent doors, BigDaddyOpFi's ghost, novice MiBe
D:10 2 transporters, Berder's ghost, novice OpDe
Lair:2 1 runed translucent door, EmilyW's ghost, journeyman MiFi

..................8....#######
..............8......###
..........###....ZZ###
.........## ##.....P#
.........# ##...###PP#
........##▒▒...▒######
........# ▒...▒▒▒.###
........# ▒..▒▒.YY..##
........#▒▒.....@▒...###
.......##▒......▒▒Y....###..#
.......# ▒▒..[.▒▒##.†......#
.......# ▒▒.▒▒▒ #.###...##
.......# ▒▒▒ #..# #..P#
.......## #..## ..## ........#
...# ..# ........# .... ..
........# ...##. ##.


You could see 2 death yaks.


Message History

The death yak is severely wounded.
You hit the death yak.
The death yak is severely wounded.
You hit the death yak but do no damage.
The death yak is severely wounded.
The death yak gores you!
* * * LOW HITPOINT WARNING * * *
The death yak gores you!!
* * * LOW HITPOINT WARNING * * *
You are too injured to fight recklessly!
You punch the death yak! Your kick misses the death yak.
The death yak is almost dead.
The death yak completely misses you. The death yak closely misses you.
You barely miss the death yak.
The death yak is almost dead.
You feel much better. The death yak gores you!
* * * LOW HITPOINT WARNING * * *
The death yak gores you!
* * * LOW HITPOINT WARNING * * *
You hit the death yak.
You kick the death yak, but do no damage.
The death yak is almost dead.
The death yak gores you.
* * * LOW HITPOINT WARNING * * *
The death yak closely misses you.
You hit the death yak. You kick the death yak.
The death yak is almost dead.
The death yak gores you!
You die...
Your body rises from the dead as a mindless zombie.

Skill      XL: |  1  2  3  4  5  6  7  8  9 10 11 12 |
---------------+-------------------------------------+-----
Dodging        | 3 8 |  8.2
Unarmed Combat | 3 4 5 6 8 11 12 14 15 | 15.3
Invocations    | 1 2 3 4 9 |  9.5
Hexes          | 2 5 |  5.0
Spellcasting   | 1 2 6 |  6.4
Armour         | 4 |  4.0
Necromancy     | 3 |  3.7
Fighting       | 4 |  4.5
Stealth        | |  1.7

Action                   |  1- 3 |  4- 6 |  7- 9 | 10-12 | 13-15 || total
-------------------------+-------+-------+-------+-------+-------++-------
Melee: Unarmed           |   134 |   129 |   217 |   688 |    46 ||  1214
       Punch             |     3 |     3 |     6 |    54 |     6 ||    72
       Kick              |    25 |    36 |     6 |       |    19 ||    86
 Cast: Confusing Touch   |       |       |     1 |    35 |     4 ||    40
Invok: Animate Dead      |     1 |     3 |     8 |    10 |     1 ||    23
       Recall Undead Sla |       |     2 |     2 |    11 |       ||    15
       Drain Life        |       |       |       |     1 |     3 ||     4
Evoke: Wand              |       |       |       |     3 |       ||     3
       Condenser vane    |       |       |       |       |     1 ||     1
  Use: Scroll            |     4 |     1 |    11 |     6 |     1 ||    23
       Potion            |     1 |     1 |     4 |     3 |     1 ||    10
 Stab: Sleeping          |     4 |     6 |     7 |    18 |       ||    35
       Distracted        |       |     1 |     5 |     8 |       ||    14
       Invisible         |       |       |     5 |       |       ||     5
       Confused          |       |       |       |    22 |     2 ||    24
       Paralysed         |       |       |       |    24 |       ||    24
Armor: Robe              |    14 |    17 |    42 |     5 |       ||    78
       Acid dragon scale |       |       |       |   175 |     9 ||   184
Dodge: Dodged            |    90 |    66 |   161 |   415 |    22 ||   754

Levels and vault maps discovered:
D:1:      wander_arrival_fairy_ring, layout_basic,
          dreamdust_ecumenical_altar_statues, serial_shops,
          nicolae_shop_statue_plus
D:2:      layout_basic, minmay_tetromino_t4
D:3:      layout_rooms, dk_yredelemnul_ordeal,
          mainiacjoe_overflow_cross_hatched, uniq_robin
D:4:      layout_rooms, trog_book, minmay_temple_entry_ruins,
          cheibrodos_gnoll_hut
D:5:      layout_loops_ring, serial_shops, nicolae_diamond_shop,
          nicolae_lakefront_shop, shop, minmay_fractal_squares_gapless_5
D:6:      layout_rooms, cheibrodos_worm_habitat, lightli_temple_of_fire
D:7:      layout_cave_pools, nemelex_spade_bored_becter, enter_bailey_3,
          serial_gnoll_camp, gnoll_camp_mini_basic, gnoll_camp_mini_hut,
          gnoll_camp_mini_house, gnoll_camp_mini_basic, kennysheep_minor_cross,
          grunt_ministairs_2
D:8:      layout_basic, nicolae_dithmenos_the_darkroom, gammafunk_ghost_split,
          serial_shops, nicolae_shop_waterfront
D:9:      layout_loops_corners, nicolae_qazlal_scattered_showers,
          kennysheep_vampire_church, hex_medium
D:10:     layout_loops_ring, good_gods_mini_temple,
          mainiacjoe_overflow_brackets, orc_0_dummy,
          gammafunk_ghost_berserking_beasts
Lair:1:   layout_chaotic_city, columned_hall_lemuel
Lair:2:   layout_long_grid, spider_nest_entry_funnel_web, ebering_ghost_xom,
          lemuel_altar_in_water2, grunt_megastairs_4,
          infiniplex_staircase_pool_2
Lair:3:   layout_roguey, minmay_swamp_entry_reptiles,
          portal_ice_cave_entry_ice_simulacra, basic_altar
Lair:4:   layout_cave_pods, lemuel_fruit_tree, serial_bayou_shore_b
Lair:5:   layout_cave_pods, slime_dummy, wad_woods_03, uniq_sonja
Lair:6:   evilmike_catoblepas_cave, layout_regular_city

Notes
Turn   | Place    | Note
-------+----------+-------------------------------------------
     0 | D:1      | demibob the Demonspawn Monk began the quest for the Orb.
     0 | D:1      | Reached XP level 1. HP: 18/18 MP: 1/1
   103 | D:1      | Found Hoav's Distillery.
   385 | D:1      | Reached skill level 3 in Dodging
   385 | D:1      | Reached skill level 3 in Unarmed Combat
   388 | D:1      | Gained mutation: You have large cloven feet. [demonic
                  | ancestry]
   388 | D:1      | Reached XP level 2. HP: 24/24 MP: 2/2
   656 | D:1      | Found a faded altar of an unknown god.
   665 | D:1      | Became a worshipper of Yredelemnul the Dark
   665 | D:1      | Reached * piety under Yredelemnul
   665 | D:1      | Reached ** piety under Yredelemnul
  1110 | D:2      | Reached skill level 1 in Invocations
  1488 | D:2      | Reached XP level 3. HP: 14/29 MP: 3/3
  1651 | D:2      | Identified a scroll of acquirement
  1651 | D:2      | Acquired 795 gold pieces
  1706 | D:1      | Bought a potion of mutation for 80 gold pieces
  1706 | D:1      | Bought a potion of curing for 30 gold pieces
  1706 | D:1      | Bought 2 potions of curing for 60 gold pieces
  1706 | D:1      | Bought a potion of invisibility for 80 gold pieces
  1706 | D:1      | Bought a potion of mutation for 80 gold pieces
  1706 | D:1      | Bought a potion of curing for 30 gold pieces
  1706 | D:1      | Bought a potion of haste for 100 gold pieces
  1706 | D:1      | Bought a potion of brilliance for 40 gold pieces
  1706 | D:1      | Bought a potion of flight for 30 gold pieces
  1706 | D:1      | Bought 2 potions of magic for 160 gold pieces
  1706 | D:1      | Bought a potion of degeneration for 10 gold pieces
  1905 | D:2      | Reached *** piety under Yredelemnul
  2643 | D:3      | Found a hazy altar of Hepliaklqana.
  2650 | D:3      | Reached skill level 2 in Invocations
  2811 | D:3      | Gained mutation: You regenerate a little health from kills.
                  | [demonic ancestry]
  2811 | D:3      | Reached XP level 4. HP: 26/35 MP: 5/5
  3246 | D:3      | Noticed Robin
  3260 | D:3      | Killed Robin
  3261 | D:3      | Reached skill level 3 in Invocations
  3494 | D:3      | Found a runed translucent door.
  3494 | D:3      | Noticed a human
  3497 | D:3      | Received a gift from Yredelemnul (a wight)
  3505 | D:3      | Found a basalt altar of Yredelemnul.
  3529 | D:3      | Reached skill level 4 in Unarmed Combat
  3694 | D:3      | Gained mutation: You have hoof-like feet. [demonic
                  | ancestry]
  3694 | D:3      | Reached XP level 5. HP: 37/41 MP: 7/7
  3784 | D:3      | Reached skill level 4 in Invocations
  4138 | D:4      | Received a gift from Yredelemnul (a wight)
  4186 | D:4      | Found a staircase to the Ecumenical Temple.
  4260 | D:4      | Found a bloodstained altar of Trog.
  4545 | D:5      | Entered Level 5 of the Dungeon
  4632 | D:5      | Reached skill level 5 in Unarmed Combat
  4632 | D:5      | Gained mutation: Spells you cast may paralyse adjacent
                  | enemies. [demonic ancestry]
  4632 | D:5      | Reached XP level 6. HP: 41/47 MP: 9/9
  4714 | D:5      | Noticed a two-headed ogre
  4723 | D:5      | Killed a two-headed ogre
  4724 | D:5      | Reached skill level 6 in Unarmed Combat
  4724 | D:5      | Reached XP level 7. HP: 17/52 MP: 10/10
  4990 | D:5      | Found Kuxanotz's Magic Scroll Shoppe.
  4995 | D:5      | Found Ymeon's Weapon Shop.
  4997 | D:5      | Bought a scroll of magic mapping for 45 gold pieces
  4997 | D:5      | Bought a scroll of identify for 26 gold pieces
  4997 | D:5      | Bought a scroll of identify for 26 gold pieces
  5301 | D:5      | Reached skill level 7 in Unarmed Combat
  5358 | D:5      | Learned a level 3 spell: Confusing Touch
  5414 | D:5      | Reached **** piety under Yredelemnul
  5474 | D:5      | Reached skill level 1 in Hexes
  5578 | D:5      | Found Abezotso's Antique Weapon Shop.
  5708 | D:6      | Reached skill level 8 in Unarmed Combat
  5708 | D:6      | Reached skill level 2 in Hexes
  5708 | D:6      | Reached XP level 8. HP: 40/58 MP: 11/11
  5790 | D:6      | Found a snail-covered altar of Cheibriados.
  6001 | D:6      | Reached skill level 3 in Hexes
  6203 | D:6      | You fall into a shaft and drop 1 floor!
  6221 | D:7      | Received a gift from Yredelemnul (3 flying skulls)
  6241 | D:7      | Found a flagged portal.
  6248 | D:7      | Reached skill level 4 in Hexes
  6254 | D:7      | Received a gift from Yredelemnul (4 flying skulls)
  6279 | Bailey   | Entered a bailey
  6300 | Bailey   | Noticed an orc warlord
  6361 | Bailey   | Received a gift from Yredelemnul (a wight)
  6421 | Bailey   | Reached skill level 9 in Unarmed Combat
  6421 | Bailey   | Reached skill level 5 in Hexes
  6804 | Bailey   | Found a runed translucent gate.
  6804 | Bailey   | Found a runed translucent gate.
  6804 | Bailey   | Found a runed translucent gate.
  6804 | Bailey   | Noticed an orc knight
  6856 | D:7      | Reached skill level 8 in Dodging
  6856 | D:7      | Reached skill level 11 in Unarmed Combat
  6856 | D:7      | Reached XP level 9. HP: 63/63 MP: 12/12
  6857 | D:7      | Acquired the ring "Cabor" {Wiz rC+ Str-3 Stlth+}
  7100 | D:7      | Reached skill level 1 in Spellcasting
  7479 | D:7      | Found a sparkling altar of Nemelex Xobeh.
  7530 | D:7      | Gained mutation: You are partially covered in molten
                  | scales. (AC +2) [demonic ancestry]
  7530 | D:7      | Reached XP level 10. HP: 68/70 MP: 13/13
  7831 | D:6      | Found a burning altar of Makhleb.
  8106 | D:8      | Learned a level 2 spell: Corpse Rot
  8121 | D:8      | Found a shadowy altar of Dithmenos.
  8426 | D:8      | Reached skill level 2 in Spellcasting
  8470 | D:8      | Found a runed translucent gate.
  8471 | D:8      | Found a runed translucent gate.
  8473 | D:8      | Found a runed translucent gate.
  8474 | D:8      | Noticed BigDaddyOpFi's ghost (novice MiBe)
  8600 | D:8      | Found Yvenoso's Weapon Boutique.
  8931 | D:9      | Reached ***** piety under Yredelemnul
  9040 | D:9      | Reached skill level 12 in Unarmed Combat
  9223 | D:9      | Reached skill level 1 in Armour
  9626 | D:9      | Found a stormy altar of Qazlal.
  9673 | D:9      | Noticed a purple ugly thing
  9685 | D:9      | Killed a purple ugly thing
  9686 | D:9      | Reached skill level 2 in Armour
  9983 | D:9      | Found an ancient bone altar of Kikubaaqudgha.
 10105 | D:10     | Entered Level 10 of the Dungeon
 10143 | D:10     | Identified the +6 rapier of Brawling {venom, *Rage Drain
                  | rElec Stlth+}
 10241 | D:10     | Found a transporter.
 10249 | D:10     | Found a staircase to the Orcish Mines.
 10251 | D:10     | Noticed Berder's ghost (novice OpDe)
 10255 | D:10     | Noticed a moth of wrath
 10395 | D:10     | Found a staircase to the Lair.
 10409 | D:10     | Found a sacrificial altar of Ru.
 10430 | D:10     | Reached skill level 3 in Armour
 10564 | D:10     | Received a gift from Yredelemnul (a wraith)
 10667 | D:10     | Found a transporter.
 10674 | D:10     | Noticed a cyclops
 10692 | D:10     | Killed a cyclops
 11101 | D:10     | Noticed a two-headed ogre
 11117 | D:10     | Killed a two-headed ogre
 11566 | Lair:1   | Entered Level 1 of the Lair of Beasts
 11611 | Lair:1   | Noticed a cane toad
 11624 | Lair:1   | Killed a cane toad
 11625 | Lair:1   | Reached skill level 4 in Armour
 11787 | Lair:1   | Noticed a cane toad
 11796 | Lair:1   | Killed a cane toad
 11797 | Lair:1   | Gained mutation: Spells you cast may paralyse nearby
                  | enemies. [demonic ancestry]
 11797 | Lair:1   | Reached XP level 11. HP: 59/75 MP: 11/15
 11811 | Lair:1   | Reached skill level 3 in Spellcasting
 11835 | Lair:1   | Received a gift from Yredelemnul (a vampire)
 12376 | Lair:2   | Noticed a four-headed hydra
 12386 | Lair:2   | Killed a four-headed hydra
 12404 | Lair:2   | Found an ornate altar of the Wu Jian Council.
 12410 | Lair:2   | Reached skill level 4 in Spellcasting
 12447 | Lair:2   | Reached skill level 13 in Unarmed Combat
 13105 | Lair:2   | Found a runed translucent door.
 13105 | Lair:2   | Found a shimmering altar of Xom.
 13105 | Lair:2   | Noticed EmilyW's ghost (journeyman MiFi)
 13105 | Lair:2   | Noticed a +0 war axe of chaos
 13304 | Lair:2   | Noticed a wolf spider
 13304 | Lair:2   | Noticed a wolf spider
 13387 | Lair:3   | Found an ancient bone altar of Kikubaaqudgha.
 13476 | Lair:3   | Reached skill level 5 in Spellcasting
 13595 | Lair:3   | Received a gift from Yredelemnul (a vampire)
 13740 | Lair:3   | Found a frozen archway.
 13782 | Lair:3   | Received a gift from Yredelemnul (a wraith)
 13893 | Lair:3   | Found a staircase to the Swamp.
 13893 | Lair:3   | Noticed a swamp dragon
 13919 | Lair:3   | Killed a swamp dragon
 13920 | Lair:3   | Reached skill level 6 in Spellcasting
 14344 | Lair:4   | Received a gift from Yredelemnul (a vampire)
 14604 | Lair:4   | Reached skill level 1 in Necromancy
 15214 | Lair:5   | Noticed Sonja
 15223 | Lair:5   | Killed Sonja
 15284 | Lair:5   | Reached skill level 2 in Necromancy
 15299 | Lair:5   | Reached skill level 14 in Unarmed Combat
 15304 | Lair:5   | Reached skill level 3 in Necromancy
 15304 | Lair:5   | Reached XP level 12. HP: 38/81 MP: 12/21
 15311 | Lair:5   | Received a gift from Yredelemnul (a flayed ghost)
 15624 | Lair:5   | Noticed a boulder beetle
 15637 | Lair:5   | Killed a boulder beetle
 15971 | Lair:5   | Reached skill level 5 in Invocations
 16161 | Lair:5   | Found a staircase to the Slime Pits.
 16381 | Lair:5   | Noticed a seven-headed hydra
 16397 | Lair:5   | HP: 4/81 [seven-headed hydra (12)]
 16398 | Lair:5   | Killed a seven-headed hydra
 16399 | Lair:5   | Reached skill level 6 in Invocations
 17076 | Lair:6   | Entered Level 6 of the Lair of Beasts
 17089 | Lair:6   | Noticed a four-headed hydra
 17096 | Lair:6   | Killed a four-headed hydra
 17099 | Lair:6   | Noticed a four-headed hydra
 17113 | Lair:6   | Killed a four-headed hydra
 17127 | Lair:6   | Reached skill level 7 in Invocations
 17192 | Lair:6   | Identified 3 potions of resistance
 17452 | Lair:6   | Noticed a boulder beetle
 17484 | Lair:6   | Killed a boulder beetle
 17485 | Lair:6   | Reached skill level 8 in Invocations
 17612 | Lair:6   | Reached skill level 15 in Unarmed Combat
 17678 | Lair:6   | Received a gift from Yredelemnul (a flayed ghost)
 17830 | Lair:6   | Reached skill level 9 in Invocations
 18606 | Lair:6   | Reached skill level 4 in Fighting
 18698 | Lair:6   | Noticed a catoblepas
 18717 | Lair:6   | Killed a catoblepas
 18718 | Lair:6   | Gained mutation: You have hooves in place of feet. [demonic
                  | ancestry]
 18718 | Lair:6   | Reached XP level 13. HP: 52/88 MP: 20/22
 19049 | Lair:6   | Received a gift from Yredelemnul (a vampire)
 19059 | Lair:6   | Slain by a death yak

Vanquished Creatures
  2 catoblepae (Lair:6)
  3 elephants (Lair:6)
  A black mamba (Lair:6)
  2 cane toads
  A rime drake (Lair:6)
  3 komodo dragons
  A troll (D:9)
  4 blink frogs
  A dream sheep (Lair:4)
  A wyvern (Lair:3)
  2 basilisks
  29 yaks
  5 water moccasins
  A black bear (D:5)
  5 orc warriors
  An ogre (D:5)
  2 wolves
  3 centaurs
  A phantom (D:6)
  2 kobold brigands
  4 bullfrogs
  A wyvern zombie (D:7)
  2 gnoll sergeants (D:7)
  5 killer bees (D:9)
  A vampire bat (D:9)
  2 orc priests (D:10)
  A bullfrog zombie (D:5)
  4 hounds
  5 iguanas
  5 orc wizards
  A howler monkey zombie (D:7)
  Robin (D:3)
  5 adders
  6 gnolls
  A shadow imp (D:6)
  2 worms
  25 orcs
  4 bats
  A bat skeleton (D:9)
  3 bat zombies (D:9)
  4 endoplasms
  2 giant cockroaches
  17 goblins
  7 hobgoblins
  2 jackals
  16 kobolds
  6 quokkas
  A yak zombie (Lair:6)
  7 ball pythons
  3 frilled lizards
  3 rats
217 creatures vanquished.

Vanquished Creatures (collateral kills)
  4 hydras
  2 boulder beetles
  2 two-headed ogres
  Sonja (Lair:5)
  A swamp dragon (Lair:3)
  An ugly thing (D:9)
  A manticore (Lair:6)
  7 elephants
  A cyclops (D:10)
  2 black mambas
  2 cane toads
  3 komodo dragons
  A rime drake (Lair:2)
  A polar bear (Lair:5)
  10 blink frogs
  3 dream sheep (Lair:4)
  29 yaks
  A steam dragon (D:8)
  An acid dragon (D:9)
  6 water moccasins
  3 orc warriors
  An ice beast (D:6)
  A sky beast (D:6)
  A centaur (D:9)
  A necrophage (D:8)
  6 wolves
  A kobold brigand (D:8)
  6 bullfrogs
  2 gnoll sergeants (D:7)
  An elephant simulacrum (Lair:3)
  A water moccasin skeleton (D:5)
  2 killer bees (D:9)
  3 wights (D:9)
  3 jellies
  3 hounds
  A gnoll shaman (D:6)
  A human zombie (D:3)
  2 orc priests
  A bullfrog skeleton (D:5)
  2 orc wizards
  2 killer bee zombies
  A howler monkey zombie (D:9)
  9 gnolls
  2 adders (D:5)
  2 howler monkey skeletons
  8 orcs
  A bat zombie (D:9)
  A giant cockroach (D:4)
  3 goblins (D:7)
  2 hobgoblins
  2 jackals (D:5)
  A frilled lizard (D:3)
  5 kobolds
  A bush (D:4)
161 creatures vanquished.

Vanquished Creatures (others)
  2 flayed ghosts
  7 flying skulls
  4 vampires
  2 wraiths
  3 wights
  A boulder beetle zombie (Lair:6)
  A hydra zombie (Lair:6)
  4 elephant zombies
  11 yak zombies
  A hobgoblin zombie (Bailey)
  3 kobold zombies (Bailey)
  3 orc zombies
  37 fungi
  75 plants
154 creatures vanquished.

Grand Total: 532 creatures vanquished

Table legend: (Time is in decaauts)
 A = Elapsed time spent in this place.
 B = Non-inter-level travel time spent in this place.
 C = Inter-level travel time spent in this place.
 D = Time resting spent in this place.
 E = Time spent auto-exploring this place.
 F = Levels seen in this place.
 G = Mean time per level.
                   A        B        C        D        E       F      G
               +--------+--------+--------+--------+--------+-----+--------+
         Total |  18820 |  18302 |    518 |   3444 |  12181 |  17 | 1107.1 |
       Dungeon |  10917 |  10530 |    387 |   1796 |   7266 |  10 | 1091.7 |
          Lair |   7335 |   7205 |    130 |   1275 |   4914 |   6 | 1222.5 |
        Bailey |    567 |    567 |      0 |    373 |      0 |   1 |  567.0 |
               +--------+--------+--------+--------+--------+-----+--------+

Top non-repeatable levels by time:
  Lair:6: 1914 daAuts
  Lair:5: 1833 daAuts
    D:10: 1444 daAuts
     D:2: 1381 daAuts
     D:3: 1363 daAuts
     D:1: 1250 daAuts
     D:9: 1200 daAuts
     D:5: 1114 daAuts
  Lair:2: 1016 daAuts
  Lair:3: 959 daAuts
     D:7: 957 daAuts
  Lair:4: 869 daAuts
     D:8: 862 daAuts
     D:6: 810 daAuts
  Lair:1: 740 daAuts

Table legend:
 A = Non-vault XP
 B = Vault XP
 C = Vault XP percentage of total XP
 D = Non-vault monster count
 E = Vault monster count
 F = Vault count percentage of total count
                 A         B        C        D         E       F
            +---------+---------+-------+---------+---------+-------
      Total |   32375 |    5138 |  13.7 |     295 |      81 |  21.5
            +---------+---------+-------+---------+---------+-------
        D:1 |      24 |       0 |   0.0 |      15 |       0 |   0.0
        D:2 |      27 |      18 |  40.0 |       8 |       4 |  33.3
        D:3 |     140 |      69 |  33.0 |      22 |      14 |  38.9
        D:4 |      22 |      75 |  77.3 |      11 |       3 |  21.4
        D:5 |     893 |     103 |  10.3 |      15 |       2 |  11.8
        D:6 |     540 |       5 |   0.9 |      13 |       1 |   7.1
        D:7 |     491 |     519 |  51.4 |      16 |      23 |  59.0
        D:8 |     391 |       0 |   0.0 |      14 |       0 |   0.0
        D:9 |    1883 |      66 |   3.4 |      29 |       6 |  17.1
       D:10 |    2168 |       0 |   0.0 |      26 |       0 |   0.0
     Lair:1 |    1596 |       0 |   0.0 |       9 |       0 |   0.0
     Lair:2 |    2671 |      61 |   2.2 |      15 |       1 |   6.2
     Lair:3 |    3442 |     691 |  16.7 |      23 |       5 |  17.9
     Lair:4 |    1513 |       0 |   0.0 |      10 |       0 |   0.0
     Lair:5 |    5567 |     389 |   6.5 |      29 |       1 |   3.3
     Lair:6 |   11007 |    2861 |  20.6 |      40 |       6 |  13.0
     Bailey |       0 |     281 | 100.0 |       0 |      15 | 100.0
            +---------+---------+-------+---------+---------+-------
